 Dungeon Crawl Stone Soup version 0.17.0-23-g0de4337 (console) character file.

307 gw the Conjurer (level 5, -2/40 HPs)
             Began as a Demigod Wizard on Nov 13, 2015.
             Killed from afar by an orc wizard (4 damage)
             ... with a magic dart
             ... on level 4 of the Dungeon.
             The game lasted 00:03:04 (3987 turns).

gw the Conjurer (Demigod Wizard)                    Turns: 3987, Time: 00:03:04

Health: -2/40      AC:  6    Str: 10    XL:     5   Next: 94%
Magic:  1/13       EV: 11    Int: 24    God:
Gold:   172        SH:  0    Dex: 14    Spells: 1 memorised, 9 levels left

rFire  . . .     SeeInvis .     a - +0 rapier
rCold  . . .     Clarity  .     o - +0 leather armour
rNeg   . . .     SustAt   +     (no shield)
rPois  .         Gourm    .     e - +0 hat
rElec  .         Spirit   .     (no cloak)
rCorr  .         Warding  .     (no gloves)
rMut   .         Stasis   .     (no boots)
MR     .....                    (no amulet)
Stlth  +.........               (no ring)
                                j - +3 ring of protection

@: drained, not resistant to hostile enchantments, very unstealthy
A: high mp 1, sustain attributes
a: no special abilities


You were on level 4 of the Dungeon.
You were hungry.

You visited 1 branch of the dungeon, and saw 4 of its levels.

You collected 172 gold pieces.

Inventory:

Hand Weapons
 a - a +0 rapier (weapon)
Missiles
 n - 46 arrows
Armour
 e - a +0 hat (worn)
 o - a +0 leather armour (worn)
Jewellery
 j - a +3 ring of protection (left hand)
Scrolls
 g - 3 scrolls of identify
 h - a scroll of immolation
 i - a scroll of remove curse
Potions
 m - a potion of curing
Books
 c - a book of Minor Magic

   Spells                             Type                      Level
   a - Magic Dart                     Conjuration                  1
   b - Blink                          Translocation                2
   c - Call Imp                       Summoning                    2
   d - Repel Missiles                 Charms/Air                   2
   e - Slow                           Hexes                        2
   f - Conjure Flame                  Conjuration/Fire             3
   g - Mephitic Cloud                 Conjuration/Poison/Air       3
Comestibles
 d - 3 bread rations
 l - 3 fruits


   Skills:
 + Level 1.5(0.9) Fighting
 + Level 1.8(1.2) Short Blades
 + Level 1.9(1.3) Armour
 - Level 1.7(1.1) Dodging
 - Level 1.7(1.1) Stealth
 * Level 3.4(2.8) Spellcasting
 + Level 3.6(3.0) Conjurations
   Level 0.8(0.2) Summonings
   Level 0.8(0.2) Translocations


You had 9 spell levels left.
You knew the following spells:

 Your Spells              Type           Power        Failure   Level  Hunger
a - Magic Dart            Conj           ###.         4%          1    None


Dungeon Overview and Level Annotations

Branches:
Dungeon (4/15)
 Temple: D:4-7


Innate Abilities, Weirdness & Mutations

You have an increased reservoir of magic (+10% MP).
Your attributes are resistant to harm.


Message History

You hit the orc.
You kill the orc!
ATTACK MOVE TO (0,-1)
The orc wizard casts a spell at you. The magic dart hits you!
Things that are here:
a flail; an orc corpse ATTACK MOVE TO (0,-1)
The orc wizard closely misses you.
ATTACK MOVE TO (-1,-1)
You are feeling hungry.
You hit the orc wizard.
The orc wizard is almost dead.
The orc wizard hits you with a dagger.
ATTACK MOVE TO (-1,-1)
You miss the orc wizard.
The orc wizard is almost dead.
The orc wizard casts a spell at you. The magic dart hits you!
You die...

# ###..# #..# #
##.#### #.## #
#....######.#
########.#.......#
....##.._.......##
###....#.#####.##
.####.#..# #..##
..###...## ##o.#
#......## ##p#
#####..# #)###
#..# #.[)# #..#
###....# #...
###.... #.... #..
#..#.. . ..##.#


You could see an orc wizard.

Table legend:
 A = Turns spent in this place as a percentage of turns spent in the entire game.
 B = Non-inter-level travel turns spent in this place as a percentage of non-inter-level travel turns spent in the entire game.
 C = Inter-level travel turns spent in this place as a percentage of turns spent in this place.
 D = Turns resting spent in this place as a percentage of non-inter-level travel turns spent in this place.
 E = Turns spent auto-exploring this place as a percentage of non-inter-level travel turns spent in this place.
 F = Non-inter-level travel turns spent in this place divided by the number of levels of this place that you've seen.
                   A       B       C       D       E      F
               +-------+-------+-------+-------+-------+----------------------
         Total | 100.0 | 100.0 |   0.6 |   3.5 |   2.6 | 1043.2
       Dungeon | 100.0 | 100.0 |   0.6 |   3.5 |   2.6 | 1043.2
               +-------+-------+-------+-------+-------+----------------------

Table legend:
 A = Kills in this place as a percentage of kills in entire the game.
 B = Kills by you in this place as a percentage of kills by you in the entire game.
 C = Kills by friends in this place as a percentage of kills by friends in the entire game.
 D = Other kills in this place as a percentage of other kills in the entire game.
 E = Experience gained in this place as a percentage of experience gained in the entire game.
 F = Experience gained in this place divided by the number of levels of this place that you have seen.
                   A       B       C       D       E      F
               +-------+-------+-------+-------+-------+----------------------
         Total | 100.0 | 100.0 |  -nan |  -nan | 100.0 | 109.8
       Dungeon | 100.0 | 100.0 |  -nan |  -nan | 100.0 | 109.8
               +-------+-------+-------+-------+-------+----------------------

Vanquished Creatures
  The ghost of SlowGraham the Cutter, an amateur KoWz of Dithmenos (D:3)
  A hound (D:3)
  2 orc priests (D:4)
  A gnoll (D:3)
  3 adders
  4 worms
  2 giant geckos
  6 orcs
  7 bats
  5 hobgoblins
  6 kobolds
  5 giant cockroaches
  9 giant newts
  8 goblins
  8 rats
68 creatures vanquished.

Notes
Turn   | Place    | Note
--------------------------------------------------------------
     0 | D:1      | gw the Demigod Wizard began the quest for the Orb.
     0 | D:1      | Reached XP level 1. HP: 14/14 MP: 6/6
    67 | D:1      | Reached skill level 1 in Conjurations
   541 | D:1      | Reached XP level 2. HP: 20/20 MP: 5/8
  1686 | D:2      | Reached XP level 3. HP: 26/26 MP: 8/10
  2302 | D:2      | Reached skill level 1 in Armour
  2302 | D:2      | Reached skill level 3 in Spellcasting
  2936 | D:3      | Reached skill level 1 in Short Blades
  2940 | D:3      | Reached XP level 4. HP: 27/34 MP: 2/11
  2966 | D:3      | Noticed SlowGraham's ghost (amateur KoWz)
  2998 | D:3      | Killed SlowGraham's ghost
  2998 | D:3      | Reached skill level 1 in Fighting
  2998 | D:3      | Reached XP level 5. HP: 30/40 MP: 0/12
  3744 | D:4      | Found a shattered altar of Ashenzari.
  3986 | D:4      | HP: 1/40 [orc wizard/dagger (2)]
  3987 | D:4      | Killed from afar by an orc wizard

Action                   |  1- 3 |  4- 6 || total
-------------------------+-------+-------++-------
Melee: Short sword       |    10 |    13 ||    23
       Rapier            |       |    38 ||    38
 Cast: Magic Dart        |   132 |    72 ||   204
  Use: Potion            |     6 |     3 ||     9
       Scroll            |     6 |     1 ||     7
  Eat: Chunk             |     6 |     3 ||     9

Vault maps used:
D:1:      eino_arrival_water_cross, minivault_26
D:2:      first_bread, kennysheep_generic_room_11
D:4:      ashenzari_altar_1, uniq_duvessa
